 Dungeon Crawl Stone Soup version 0.22-a0-348-gd16d139 (webtiles) character file.

210 xccam the Insei (level 5, 0/47 HPs)
             Began as a Gnoll Monk on Apr 7, 2018.
             Slain by Ijyb (1 damage)
             ... on level 4 of the Dungeon.
             The game lasted 00:04:51 (2370 turns).

xccam the Insei (Gnoll Monk)                        Turns: 2370, Time: 00:04:51

Health: 0/47       AC: -5    Str: 14    XL:     5   Next: 87%
Magic:  7/7        EV: 14    Int: 13    God:
Gold:   176        SH:  4    Dex: 17    Spells: 7/7 levels left

rFire    . . .     SeeInvis +     - Unarmed
rCold    + . .     Gourm    .   m - +0 buckler
rNeg     . . .     Faith    .   e - +0 ring mail
rPois    .         Spirit   .   (no helmet)
rElec    .         Reflect  .   (no cloak)
rCorr    .         Harm     .   y - +0 pair of gloves (curse)
MR       .....                  (no boots)
Stlth    ++........             (no amulet)
HPRegen  0.15/turn              n - ring of see invisible
MPRegen  0.10/turn              w - ring of protection from cold

@: corroded
A: distributed training, fangs 1, strong nose
a: no special abilities


You were on level 4 of the Dungeon.
You were not hungry.

You visited 1 branch of the dungeon, and saw 4 of its levels.

You collected 176 gold pieces.

Inventory:

Armour
 e - a +0 ring mail (worn)
 f - a +1 plate armour of fire resistance
 m - a +0 buckler (worn)
 y - a cursed +0 pair of gloves (worn)
Jewellery
 n - a ring of see invisible (left hand)
 p - an uncursed ring of positive energy
 q - an uncursed ring of fire
 w - a ring of protection from cold (right hand)
Scrolls
 a - a scroll of fog {unknown}
 c - 2 scrolls of fear {unknown}
 d - 2 scrolls of remove curse {unknown}
 h - 4 scrolls of identify {unknown}
 l - a scroll of blinking {unknown}
 o - a scroll of enchant weapon {unknown}
 r - a scroll of magic mapping {unknown}
 u - a scroll of immolation {unknown}
Potions
 g - 2 potions of lignification {unknown}
 i - a potion of degeneration {unknown}
 k - a potion of might {unknown}
 s - a potion of cancellation {unknown}
 t - 2 potions of curing {unknown}
 v - a potion of ambrosia {unknown}
 z - a potion of mutation {unknown}
Comestibles
 b - 7 rations


   Skills:
 + Level 6.7 Fighting
 + Level 1.6 Short Blades
 + Level 1.6 Long Blades
 + Level 1.6 Axes
 + Level 1.6 Maces & Flails
 + Level 1.6 Polearms
 + Level 1.6 Staves
 + Level 1.6 Slings
 + Level 1.6 Bows
 + Level 1.6 Crossbows
 + Level 1.6 Throwing
 + Level 1.6 Armour
 + Level 6.7 Dodging
 + Level 4.4 Stealth
 + Level 1.6 Shields
 + Level 6.7 Unarmed Combat
 + Level 1.6 Spellcasting
 + Level 1.3 Conjurations
 + Level 1.3 Hexes
 + Level 1.3 Charms
 + Level 1.3 Summonings
 + Level 1.3 Necromancy
 + Level 1.3 Translocations
 + Level 1.3 Transmutations
 + Level 1.3 Fire Magic
 + Level 1.3 Ice Magic
 + Level 1.3 Air Magic
 + Level 1.3 Earth Magic
 + Level 1.3 Poison Magic
 + Level 1.8 Invocations
 + Level 1.6 Evocations


You had 7 spell levels left.
You didn't know any spells.

Dungeon Overview and Level Annotations

Branches:
Dungeon (4/15)
 Temple: D:4-7

Altars:

Annotations:
D:4 Ijyb


Innate Abilities, Weirdness & Mutations

Your experience applies equally to all skills.
You have very sharp teeth.
Your uncanny sense of smell can sniff out nearby items.


Message History

You are splashed with acid!
The acid burns!
The frilled lizard closely misses you.
You hit Ijyb.
Ijyb is moderately wounded.
Ijyb zaps a wand.
The bolt of acid hits you!
* * * LOW HITPOINT WARNING * * *
The acid corrodes you!
You are splashed with acid!
The acid burns!
* * * LOW HITPOINT WARNING * * *
You hit Ijyb but do no damage.
Ijyb is moderately wounded.
The frilled lizard bites you.
* * * LOW HITPOINT WARNING * * *
Ijyb barely misses you.
You hit Ijyb but do no damage. You bite Ijyb, but do no damage.
Ijyb is moderately wounded.
You block the frilled lizard's attack.
You closely miss Ijyb.
Ijyb is moderately wounded.
Ijyb hits you.
You die...

... ... ... #.#
#.# #.# #####
#?#
#....##<###.##
#...g@.........
#...l..........
#....##........
##### ###......
...... ##..#.
<.. ..


You could see Ijyb and a frilled lizard.

Vanquished Creatures
  An orc wizard (D:3)
  7 gnolls
  2 adders (D:3)
  An ooze (D:1)
  3 worms
  3 dart slugs
  3 leopard geckos
  6 orcs (D:3)
  A ball python (D:1)
  5 giant cockroaches
  8 goblins
  6 hobgoblins
  4 jackals (D:2)
  3 quokkas (D:3)
  9 bats
  3 frilled lizards
  3 kobolds
  9 rats
77 creatures vanquished.

Vanquished Creatures (others)
  A jackal skeleton (D:4)
1 creature vanquished.

Grand Total: 78 creatures vanquished

Notes
Turn   | Place    | Note
-------+----------+-------------------------------------------
     0 | D:1      | xccam the Gnoll Monk began the quest for the Orb.
     0 | D:1      | Reached XP level 1. HP: 23/23 MP: 1/1
    48 | D:1      | Reached XP level 2. HP: 29/29 MP: 2/2
   429 | D:1      | Reached XP level 3. HP: 31/35 MP: 3/3
   812 | D:2      | Reached skill level 1 in Invocations
   845 | D:2      | Reached skill level 1 in Short Blades
   845 | D:2      | Reached skill level 1 in Long Blades
   845 | D:2      | Reached skill level 1 in Axes
   845 | D:2      | Reached skill level 1 in Maces & Flails
   845 | D:2      | Reached skill level 1 in Polearms
   845 | D:2      | Reached skill level 1 in Staves
   845 | D:2      | Reached skill level 1 in Slings
   845 | D:2      | Reached skill level 1 in Bows
   845 | D:2      | Reached skill level 1 in Crossbows
   845 | D:2      | Reached skill level 1 in Throwing
   845 | D:2      | Reached skill level 1 in Armour
   845 | D:2      | Reached skill level 1 in Shields
   845 | D:2      | Reached skill level 1 in Spellcasting
   845 | D:2      | Reached skill level 1 in Evocations
  1016 | D:2      | Reached XP level 4. HP: 41/41 MP: 5/5
  1190 | D:2      | Reached skill level 1 in Conjurations
  1190 | D:2      | Reached skill level 1 in Hexes
  1190 | D:2      | Reached skill level 1 in Charms
  1190 | D:2      | Reached skill level 1 in Summonings
  1190 | D:2      | Reached skill level 1 in Necromancy
  1190 | D:2      | Reached skill level 1 in Translocations
  1190 | D:2      | Reached skill level 1 in Transmutations
  1190 | D:2      | Reached skill level 1 in Fire Magic
  1190 | D:2      | Reached skill level 1 in Ice Magic
  1190 | D:2      | Reached skill level 1 in Air Magic
  1190 | D:2      | Reached skill level 1 in Earth Magic
  1190 | D:2      | Reached skill level 1 in Poison Magic
  1828 | D:3      | Reached XP level 5. HP: 37/47 MP: 6/6
  2355 | D:4      | Noticed Ijyb
  2367 | D:4      | HP: 2/47 [acid (12)]
  2370 | D:4      | Slain by Ijyb

Vault maps used:
D:1:      minmay_arrival_plants_in_alcoves
D:3:      first_ration, minmay_misc_feat_room
D:4:      nicolae_ossuary_entry_monument, lemuel_tele_altar, uniq_ijyb,
          uniq_eustachio, uniq_duvessa, uniq_pikel

Skill      XL: |  1  2  3  4 |
---------------+-------------+-----
Invocations    | 1 |  1.8
Short Blades   | 1 |  1.6
Long Blades    | 1 |  1.6
Axes           | 1 |  1.6
Maces & Flails | 1 |  1.6
Polearms       | 1 |  1.6
Staves         | 1 |  1.6
Slings         | 1 |  1.6
Bows           | 1 |  1.6
Crossbows      | 1 |  1.6
Throwing       | 1 |  1.6
Armour         | 1 |  1.6
Shields        | 1 |  1.6
Spellcasting   | 1 |  1.6
Evocations     | 1 |  1.6
Conjurations   | 1 |  1.3
Hexes          | 1 |  1.3
Charms         | 1 |  1.3
Summonings     | 1 |  1.3
Necromancy     | 1 |  1.3
Translocations | 1 |  1.3
Transmutations | 1 |  1.3
Fire Magic     | 1 |  1.3
Ice Magic      | 1 |  1.3
Air Magic      | 1 |  1.3
Earth Magic    | 1 |  1.3
Poison Magic   | 1 |  1.3
Fighting       | |  6.7
Dodging        | |  6.7
Stealth        | |  4.4
Unarmed Combat | |  6.7

Action                   |  1- 3 |  4- 6 || total
-------------------------+-------+-------++-------
Melee: Unarmed           |    84 |   154 ||   238
       Punch             |     5 |     5 ||    10
       Bite              |     5 |    23 ||    28
  Use: Potion            |       |     1 ||     1
 Stab: Sleeping          |     6 |     3 ||     9
  Eat: Chunk             |       |     5 ||     5
Armor: Robe              |     3 |     3 ||     6
       Ring mail         |       |    11 ||    11
Dodge: Dodged            |    49 |    81 ||   130
Block: Buckler           |       |    16 ||    16

Table legend:
 A = Spawn XP
 B = Non-spawn XP
 C = Spawn XP percentage of total XP
 D = Spawn monster count
 E = Non-spawn monster count
 F = Spawn count percentage of total count
 G = Total turns spent on level
                    A         B        C        D         E        F      G
               +---------+---------+-------+---------+---------+-------+---------
         Total |       0 |     300 |   0.0 |       0 |      77 |   0.0 |  2370
               +---------+---------+-------+---------+---------+-------+---------
           D:1 |       0 |      48 |   0.0 |       0 |      25 |   0.0 |   866
           D:2 |       0 |     102 |   0.0 |       0 |      25 |   0.0 |   947
           D:3 |       0 |     150 |   0.0 |       0 |      27 |   0.0 |   542
               +---------+---------+-------+---------+---------+-------+---------
